 Dungeon Crawl Stone Soup version 0.19.5 (webtiles) character file.

42 dittoslash the Grasshopper (level 3, 0/18 HPs)
             Began as a Spriggan Warper on Apr 17, 2017.
             Slain by a kobold (4 damage)
             ... on level 2 of the Dungeon.
             The game lasted 00:12:50 (3986 turns).

dittoslash the Grasshopper (Spriggan Warper)        Turns: 3986, Time: 00:12:50

Health: 0/18       AC:  2    Str:  8    XL:     3   Next: 35%
Magic:  8/8        EV: 19    Int: 14    God:
Gold:   36         SH:  0    Dex: 15    Spells: 3 memorised, 0 levels left

rFire  . . .     SeeInvis +     a - +0 short sword
rCold  . . .     Gourm    .     b - +0 robe
rNeg   . . .     Faith    .     (shield restricted)
rPois  .         Spirit   .     (helmet restricted)
rElec  .         Reflect  .     (no cloak)
rCorr  .         Harm     .     (gloves unavailable)
MR     .....     Rnd*Tele +     (boots unavailable)
Stlth  +.........               (no amulet)
                                (no ring)
                                d - ring of teleportation (curse)

@: very quick
A: unfitting armour, see invisible, herbivore 3, speed 3, slow metabolism 2
a: no special abilities


You were on level 2 of the Dungeon.
You were full.

You visited 1 branch of the dungeon, and saw 2 of its levels.

You collected 36 gold pieces.

Inventory:

Hand Weapons
 a - a +0 short sword (weapon)
Missiles
 e - 41 stones (quivered)
Armour
 b - a +0 robe (worn)
Jewellery
 d - a cursed ring of teleportation (left hand)
Books
 c - a book of Spatial Translocations

   Spells                             Type                      Level
   a - Blink                          Translocation                2
   b - Shroud of Golubria             Charms/Translocation         2
   c - Lesser Beckoning               Translocation                3
   d - Portal Projectile              Translocation                3
   e - Teleport Other                 Translocation                3
   f - Passage of Golubria            Translocation                4


   Skills:
 + Level 1.7 Fighting
 + Level 3.2 Short Blades
 + Level 1.1 Throwing
 + Level 4.4 Dodging
 + Level 2.9 Spellcasting
 + Level 4.4 Translocations


You couldn't memorise any spells.
You knew the following spells:

 Your Spells              Type           Power        Failure   Level  Hunger
a - Blink                 Tloc           N/A          6%          2    ##.....
b - Shroud of Golubria    Chrm/Tloc      #.........   17%         2    ##.....
c - Teleport Other        Tloc           ##......     12%         3    ###....


Dungeon Overview and Level Annotations

Branches:
Dungeon (2/15)

Altars:
Kikubaaqudgha


Innate Abilities, Weirdness & Mutations

You are very small and have problems with some larger weapons.
You are too small for most types of armour.
You have supernaturally acute eyesight. (SInv)
You are a herbivore.
You cover ground extremely quickly.
You need consume almost no food.


Message History

A goblin is nearby!
A kobold comes into view.
Found 15 gold pieces.
A kobold is nearby!
A kobold is nearby!
A goblin is nearby!
A goblin is nearby!
The goblin shoots a stone.
The stone closely misses you.
You see here a stone.
The kobold shouts!
The goblin shoots a stone.
The stone barely misses you.
You see here a stone.
You see here 15 gold pieces.
The kobold misses you.
You open the door.
There is an open door here.
The kobold closely misses you.
There is an open door here.
You hit the kobold but do no damage. The kobold hits you.
You die...

.. #.g.g.......
#.##.#.......##
#.##.#†..###.#
#.##.#(..# #.#
#.##(#...# #.
###.##.#....... #
#....g.#.......#
##.###...$(##.......#
#....@K.............#
######.............g#
#..............#
#............
#.....####### #######


You could see a goblin and a kobold.

Vanquished Creatures
  An adder (D:2)
  A dart slug (D:1)
  A leopard gecko (D:1)
  A giant cockroach (D:2)
  7 goblins
  5 hobgoblins (D:1)
  A ball python (D:1)
  4 bats
  A frilled lizard (D:1)
  4 kobolds (D:1)
  6 rats
32 creatures vanquished.

Vanquished Creatures (others)
  A human (D:2)
  A rat (D:1)
2 creatures vanquished.

Grand Total: 34 creatures vanquished

Notes
Turn   | Place    | Note
-------+----------+-------------------------------------------
     0 | D:1      | dittoslash the Spriggan Warper began the quest for the Orb.
     0 | D:1      | Reached XP level 1. HP: 10/10 MP: 5/5
   535 | D:1      | Reached XP level 2. HP: 5/14 MP: 6/6
   822 | D:1      | Learned a level 2 spell: Blink
   870 | D:1      | Learned a level 2 spell: Shroud of Golubria
  3675 | D:1      | Reached XP level 3. HP: 15/18 MP: 8/8
  3680 | D:1      | Learned a level 3 spell: Teleport Other
  3796 | D:2      | Found an ancient bone altar of Kikubaaqudgha.
  3802 | D:2      | Noticed a human
  3803 | D:2      | Killed a human
  3986 | D:2      | Slain by a kobold

Skill      XL: |  1  2 |
---------------+-------+-----
Dodging        | 4 |  4.4
Short Blades   | 3 |  3.2
Fighting       | |  1.7
Throwing       | |  1.1
Spellcasting   | |  2.9
Translocations | |  4.4

Action                   || total
-------------------------++-------
Melee: Short sword       ||   111
Throw: Tomahawk          ||     5
       Stone             ||     7
 Cast: Blink             ||     3
       Shroud of Golubri ||     1
       Teleport Other    ||     5
  Use: Potion            ||     3
       Scroll            ||     2
  Eat: Bread ration      ||     1
Armor: Robe              ||    29
Dodge: Dodged            ||   185
